 Dungeon Crawl Stone Soup version 0.27.0-1-g7a089689b8 (webtiles) character file.

Game seed: 8488678682268263159

19 Kinoniko the Chopper (level 2, -2/26 HPs)
             Began as a Hill Orc Abyssal Knight on Aug 17, 2021.
             Was a Follower of Lugonu.
             Slain by a kobold (3 damage)
             ... on level 2 of the Dungeon.
             The game lasted 00:01:08 (1261 turns).

Kinoniko the Chopper (Hill Orc Abyssal Knight)      Turns: 1261, Time: 00:01:08

Health: -2/26      AC:  5    Str: 14    XL:     2   Next: 75%
Magic:  4/4        EV: 11    Int: 12    God:    Lugonu [*.....]
Gold:   28         SH:  0    Dex: 10    Spells: 1/1 levels left

rFire    + . .     SeeInvis .   a - +1 hand axe
rCold    + . .     Faith    .   (no shield)
rNeg     . . .     Spirit   .   b - +0 leather armour
rPois    +         Reflect  .   (no helmet)
rElec    +         Harm     .   (no cloak)
rCorr    +         Rampage  .   h - +1 pair of gloves
Will     .....                  (no boots)
Stlth    +.........             (no amulet)
HPRegen  0.08/turn              (no ring)
MPRegen  0.09/turn              (no ring)

@: resistant, invisible
A: no striking features
a: Renounce Religion, Depart the Abyss


You were on level 2 of the Dungeon.
You worshipped Lugonu.
Lugonu was aware of your devotion.
You visited 1 branch of the dungeon, and saw 2 of its levels.
You visited the Abyss 1 time.

You collected 28 gold pieces.

Inventory:

Hand Weapons
 a - a +1 hand axe (weapon)
Armour
 b - a +0 leather armour (worn)
 h - a +1 pair of gloves (worn)
Scrolls
 c - a scroll of magic mapping {unknown}
 d - 2 scrolls of amnesia {unknown}
 e - 3 scrolls of identify {unknown}


   Skills:
 - Level 3.6 Fighting
 * Level 3.7 Axes
 - Level 2.3 Armour
 - Level 0.7 Dodging
 + Level 3.0 Invocations


You had one spell level left.
You didn't know any spells.
Your spell library was empty.

Dungeon Overview and Level Annotations

Branches:
Dungeon (2/15)

Altars:


Message History

Lugonu accepts your kill.
You closely miss the kobold. You hit the endoplasm but do no damage.
The endoplasm freezes you.
You are frozen.
The kobold hits you with a +0 dagger. The endoplasm freezes you.
You are frozen.
* * * LOW HITPOINT WARNING * * *
Unknown command.
You hit the endoplasm.
You kill the endoplasm!
Lugonu accepts your kill.
You closely miss the kobold. The kobold barely misses you.
Unknown command.
You barely miss the kobold. The kobold hits you but does no damage.
Unknown command.
You closely miss the kobold. The kobold hits you with a +0 dagger.
* * * LOW HITPOINT WARNING * * *
Unknown command.
You hit the kobold.
The kobold is moderately wounded.
The kobold hits you with a +0 dagger.
* * * LOW HITPOINT WARNING * * *
Unknown command.
You closely miss the kobold.
The kobold is moderately wounded.
The kobold hits you but does no damage.
Unknown command.
You closely miss the kobold.
The kobold is moderately wounded.
The kobold hits you with a +0 dagger.
* * * LOW HITPOINT WARNING * * *
Unknown command.
Unknown command.
It was a potion of resistance.
You feel protected. The kobold hits you but does no damage.
It was a potion of invisibility.
You fade into invisibility!
The kobold hits you with a +0 dagger.
You die...

## ### .. ..
######.##.##
....#.#... ..
#.#..#.#..####
..#.#..........
.#.##....K.#####
......>@)......
...#......#####
# #.#......#
#.##.#......#
#.......#####
####.##.#
#)##.########
#.#.........#
##..
#.#.........#


You could see a kobold.

Vanquished Creatures
  A dart slug (D:1)
  4 ball pythons
  2 endoplasms (D:2)
  2 goblins
  A hobgoblin (D:2)
  4 kobolds
  A quokka (D:1)
15 creatures vanquished.

Notes
Turn   | Place    | Note
-------+----------+-------------------------------------------
     0 | Abyss:1  | Kinoniko the Hill Orc Abyssal Knight began the quest for
                  | the Orb.
     0 | Abyss:1  | Reached XP level 1. HP: 19/19 MP: 2/2
    71 | D:1      | Escaped the Abyss
   445 | D:1      | Reached XP level 2. HP: 26/26 MP: 4/4
   577 | D:1      | Found a faded altar of an unknown god.
  1259 | D:2      | HP: 1/26 [kobold (2)]
  1261 | D:2      | Slain by a kobold

Illustrated notes

Levels and vault maps discovered:
D:1:      psy_arrival_radial01, layout_basic,
          hellmonk_ecumenical_altar_inner_sanctum
D:2:      layout_basic

Skill      XL: |  1  2 |
---------------+-------+-----
Axes           | 3 |  3.7
Invocations    | 3 |  3.0
Fighting       | |  3.6
Armour         | |  2.3
Dodging        | |  0.7

Action                   || total
-------------------------++-------
Melee: Hand axe          ||    42
  Use: Potion            ||     2
Armor: Leather armour    ||    11
Dodge: Dodged            ||    23
